TOP OF THE 1ST |
Lancaster JetHawks batting - Pitching for Modesto Nuts : RHP Jim Crooks
|
Pitching: RHP Jim Crooks
|
|
Batting: LHB Guadalupe Gonzalez
|
0-0: Ball 1-0: Ground out 4-3 (Groundball, 4, EV 106.9 MPH)
|
Batting: RHB Roger Pelley
|
0-0: Ball 1-0: Swinging Strike 1-1: Foul Ball, location: 3FF 1-2: Strikes out looking
|
Batting: RHB Yoshitoshi Mori
|
0-0: Ball 1-0: Ball 2-0: Called Strike 2-1: Called Strike 2-2: Foul Ball, location: 2F 2-2: Foul Ball, location: 3F 2-2: Foul Ball, location: 2F 2-2: Ground out 5-3 (Groundball, 56S, EV 88.1 MPH)
|
Top of the 1st over - 0 runs, 0 hits, 0 errors, 0 left on base; Lancaster 0 - Modesto 0 |
BOTTOM OF THE 1ST |
Modesto Nuts batting - Pitching for Lancaster JetHawks : LHP Guadalupe Gonzalez
|
Pitching: LHP Guadalupe Gonzalez
|
|
Batting: SHB Rob Haney
|
0-0: Called Strike 0-1: Ball 1-1: Called Strike 1-2: Ball 2-2: Foul Ball, location: 2F 2-2: Ground out 1-3 (Groundball, 34S, EV 66.9 MPH)
|
Batting: RHB Ken Dunphy
|
0-0: SINGLE (Line Drive, 89M, EV 98.8 MPH)
|
Batting: LHB Jason Ryan
|
0-0: SINGLE (Groundball, 34D, EV 95.0 MPH) Ken Dunphy to second
|
Batting: RHB Dave Dominguez
|
0-0: Ball 1-0: Ball 2-0: TRIPLE (Line Drive, 89XD, EV 101.3 MPH) Ken Dunphy scores Jason Ryan scores
|
Batting: LHB Tyler Twiss
|
0-0: Ground out 6-3 (Groundball, 6MS, EV 63.8 MPH) Dave Dominguez scores
|
Batting: RHB Brian Brewster
|
0-0: Ball 1-0: Called Strike 1-1: Swinging Strike 1-2: Strikes out swinging, 2-3 out at first.
|
Bottom of the 1st over - 3 runs, 3 hits, 0 errors, 0 left on base; Lancaster 0 - Modesto 3 |
TOP OF THE 2ND |
Lancaster JetHawks batting - Pitching for Modesto Nuts : RHP Jim Crooks
|
Batting: SHB Terciero Ortiz
|
0-0: Called Strike 0-1: Called Strike 0-2: Ball 1-2: Ball 2-2: Strikes out swinging
|
Batting: LHB Vecdi Hodensack
|
0-0: Ball 1-0: Ball 2-0: Called Strike 2-1: Ball 3-1: Foul Ball, location: 3DF 3-2: Base on Balls
|
Batting: RHB Tim Williams
|
0-0: Ball 1-0: Swinging Strike 1-1: Ball 2-1: Ball 3-1: DOUBLE (Line Drive, 89D, EV 108.1 MPH) Vecdi Hodensack to third
|
Batting: RHB Josh Reisner
|
0-0: Called Strike 0-1: Ball 1-1: Ball 2-1: Ball 3-1: Called Strike 3-2: Fly out, F7 (Flyball, 7D, EV 103.8 MPH) Runner from 3rd tags up, SCORES, no throw by LF
|
Batting: RHB Jay Hussey
|
0-0: Foul Ball, location: 9LSF 0-1: Ball 1-1: Ball 2-1: Called Strike 2-2: Strikes out swinging
|
Top of the 2nd over - 1 run, 1 hit, 0 errors, 1 left on base; Lancaster 1 - Modesto 3 |
BOTTOM OF THE 2ND |
Modesto Nuts batting - Pitching for Lancaster JetHawks : LHP Guadalupe Gonzalez
|
Batting: LHB Bob Kaufmann
|
0-0: Fly out, F8 (Flyball, 8RD, EV 110.0 MPH)
|
Batting: LHB Dan Goldberg
|
0-0: Called Strike 0-1: Swinging Strike 0-2: Foul Ball, location: 3SF 0-2: Strikes out swinging
|
Batting: RHB Jon Herner
|
0-0: Swinging Strike 0-1: Ball 1-1: Ball 2-1: Called Strike 2-2: Ball 3-2: Strikes out swinging
|
Bottom of the 2nd over - 0 runs, 0 hits, 0 errors, 0 left on base; Lancaster 1 - Modesto 3 |
TOP OF THE 3RD |
Lancaster JetHawks batting - Pitching for Modesto Nuts : RHP Jim Crooks
|
Batting: LHB Pappy Sterile
|
0-0: Ball 1-0: Swinging Strike 1-1: Swinging Strike 1-2: Ball 2-2: Foul Ball, location: 7LDF 2-2: Strikes out looking
|
Batting: LHB Guadalupe Gonzalez
|
0-0: Called Strike 0-1: Ball 1-1: Foul Ball, location: 3SF 1-2: Strikes out swinging
|
Batting: RHB Roger Pelley
|
0-0: Ball 1-0: Ball 2-0: Swinging Strike 2-1: Ground out 5-3 (Groundball, 56S, EV 85.0 MPH)
|
Top of the 3rd over - 0 runs, 0 hits, 0 errors, 0 left on base; Lancaster 1 - Modesto 3 |
BOTTOM OF THE 3RD |
Modesto Nuts batting - Pitching for Lancaster JetHawks : LHP Guadalupe Gonzalez
|
Batting: SHB Rob Haney
|
0-0: Fly out, F8 (Flyball, 8RXD, EV 111.3 MPH)
|
Batting: RHB Ken Dunphy
|
0-0: Ball 1-0: Swinging Strike 1-1: Ground out 1-3 (Groundball, P, EV 71.3 MPH)
|
Batting: LHB Jason Ryan
|
0-0: Ball 1-0: Called Strike 1-1: Foul Ball, location: 2F 1-2: Ball 2-2: Foul Ball, location: 2F 2-2: Ball 3-2: Ground out 5-3 (Groundball, 56S, EV 70.0 MPH)
|
Bottom of the 3rd over - 0 runs, 0 hits, 0 errors, 0 left on base; Lancaster 1 - Modesto 3 |
TOP OF THE 4TH |
Lancaster JetHawks batting - Pitching for Modesto Nuts : RHP Jim Crooks
|
Batting: RHB Yoshitoshi Mori
|
0-0: Called Strike 0-1: Ground out 6-3 (Groundball, 6M, EV 93.1 MPH)
|
Batting: SHB Terciero Ortiz
|
0-0: Fly out, F7 (Flyball, 7D, EV 102.5 MPH)
|
Batting: LHB Vecdi Hodensack
|
0-0: Ball 1-0: Ball 2-0: Ground out U3 (Groundball, 3L, EV 92.5 MPH)
|
Top of the 4th over - 0 runs, 0 hits, 0 errors, 0 left on base; Lancaster 1 - Modesto 3 |
BOTTOM OF THE 4TH |
Modesto Nuts batting - Pitching for Lancaster JetHawks : LHP Guadalupe Gonzalez
|
Batting: RHB Dave Dominguez
|
0-0: Foul Ball, location: 2F 0-1: Called Strike 0-2: Foul Ball, location: 2F 0-2: Ground out 4-3 (Groundball, 4, EV 86.3 MPH)
|
Batting: LHB Tyler Twiss
|
0-0: Called Strike 0-1: TRIPLE (Groundball, 3L, EV 98.8 MPH)
|
Batting: RHB Brian Brewster
|
0-0: Ball 1-0: Foul Ball, location: 3DF 1-1: Ball 2-1: SINGLE (Line Drive, 78S, EV 103.1 MPH) Tyler Twiss scores
|
Batting: LHB Bob Kaufmann
|
0-0: Called Strike 0-1: Ball 1-1: DOUBLE (Line Drive, 89XD, EV 110.6 MPH) Brian Brewster to third Runner from 3rd tries for Home, SAFE, throw by RF to trailing runner, SAFE at third!
|
Pitching: LHP Chase Smith
|
|
Batting: LHB Dan Goldberg
|
0-0: Ball 1-0: Foul Ball, location: 2F 1-1: Swinging Strike 1-2: Ball 2-2: Strikes out swinging
|
Batting: RHB Jon Herner
|
0-0: Called Strike 0-1: Called Strike 0-2: Ball 1-2: Strikes out swinging, 2-3 out at first.
|
Bottom of the 4th over - 2 runs, 3 hits, 0 errors, 1 left on base; Lancaster 1 - Modesto 5 |
TOP OF THE 5TH |
Lancaster JetHawks batting - Pitching for Modesto Nuts : RHP Jim Crooks
|
Batting: RHB Tim Williams
|
0-0: Called Strike 0-1: Ball 1-1: Ball 2-1: Ball 3-1: Hit by Pitch
|
Batting: RHB Josh Reisner
|
0-0: Called Strike 0-1: Called Strike 0-2: SINGLE (Flyball, 34D, EV 95.0 MPH) Tim Williams to second
|
Batting: RHB Jay Hussey
|
0-0: Ball 1-0: Called Strike 1-1: Fly out, F8 (Line Drive, 8RD, EV 92.5 MPH)
|
Batting: LHB Pappy Sterile
|
0-0: Foul Ball, location: 7LMF 0-1: Ball 1-1: DOUBLE (Flyball, 89D, EV 111.9 MPH) Tim Williams scores Josh Reisner to third Runner from 3rd tries for Home, SAFE, throw by CF to home
|
Batting: LHB Guadalupe Gonzalez
|
0-0: Called Strike Pappy Sterile steals 3rd base 0-1: Swinging Strike 0-2: Reached on error, E4 (Groundball, 4, EV 106.3 MPH) Pappy Sterile scores
|
Batting: RHB Roger Pelley
|
0-0: Called Strike 0-1: Ball 1-1: Ball 2-1: Grounds into double play, 6-4-3 (Groundball, 6S, EV 83.1 MPH)
|
Top of the 5th over - 3 runs, 2 hits, 1 error, 0 left on base; Lancaster 4 - Modesto 5 |
BOTTOM OF THE 5TH |
Modesto Nuts batting - Pitching for Lancaster JetHawks : LHP Chase Smith
|
Batting: SHB Rob Haney
|
0-0: Ball 1-0: Called Strike 1-1: Reached on error, E6 (Groundball, 6, EV 102.5 MPH)
|
Batting: RHB Ken Dunphy
|
0-0: Ball 1-0: Ground out 4-3 (Groundball, 4MS, EV 68.1 MPH) Rob Haney to second
|
Batting: LHB Jason Ryan
|
0-0: 2-RUN HOME RUN (Flyball, 9D, EV 97.5 MPH), Distance : 363 ft
|
Batting: RHB Dave Dominguez
|
0-0: Called Strike 0-1: Foul Ball, location: 2F 0-2: Strikes out swinging
|
Batting: LHB Tyler Twiss
|
0-0: Ground out 4-3 (Groundball, 4M, EV 102.5 MPH)
|
Bottom of the 5th over - 2 runs, 1 hit, 1 error, 0 left on base; Lancaster 4 - Modesto 7 |
TOP OF THE 6TH |
Lancaster JetHawks batting - Pitching for Modesto Nuts : RHP Jim Crooks
|
Batting: RHB Yoshitoshi Mori
|
0-0: Ball 1-0: Ball 2-0: Ball 3-0: Base on Balls
|
Batting: SHB Terciero Ortiz
|
0-0: Called Strike 0-1: Swinging Strike 0-2: Foul Ball, location: 3SF 0-2: Ball 1-2: Foul Ball, location: 2F 1-2: Foul Ball, location: 7LSF 1-2: Ball 2-2: Foul Ball, location: 2F 2-2: Ball 3-2: Foul Ball, location: 2F 3-2: Foul Ball, location: 2F 3-2: Reaches on Catchers interference Yoshitoshi Mori to second
|
Batting: LHB Vecdi Hodensack
|
0-0: Called Strike Yoshitoshi Mori steals 3rd, throwing error, E2 Yoshitoshi Mori to third Yoshitoshi Mori scores Terciero Ortiz to third 0-1: SINGLE (Line Drive, 5D, EV 96.9 MPH) Terciero Ortiz scores
|
Pitching: RHP Kyle Cannon
|
|
Batting: RHB Tim Williams
|
|
Pinch Hitting: RHB Jonathan Rausch
|
0-0: Ball 1-0: Ball 2-0: Foul Ball, location: 2F 2-1: Called Strike 2-2: Ball 3-2: Foul Ball, location: 2F 3-2: Foul Ball, location: 2F 3-2: Fly out, F9 (Flyball, 9, EV 90.0 MPH)
|
Pinch Hitting: LHB Bert Middleton
|
0-0: Called Strike Vecdi Hodensack steals 2nd base 0-1: Foul Ball, location: 7LDF 0-2: Strikes out swinging
|
Pinch Hitting: RHB Ralph Baltimore
|
0-0: Swinging Strike 0-1: Foul Ball, location: 2F 0-2: Strikes out looking
|
Top of the 6th over - 2 runs, 1 hit, 2 errors, 1 left on base; Lancaster 6 - Modesto 7 |
BOTTOM OF THE 6TH |
Modesto Nuts batting - Pitching for Lancaster JetHawks : LHP Chase Smith
|
Now at 2B: Ralph Baltimore
|
|
Now at 3B: Jonathan Rausch
|
|
Now at SS: Vecdi Hodensack
|
|
Now in LF: Lou Toth
|
|
Batting: RHB Brian Brewster
|
0-0: Ball 1-0: Reached on error, E6 (Groundball, 6, EV 87.5 MPH)
|
Batting: LHB Bob Kaufmann
|
0-0: Ball 1-0: Ball 2-0: Fly out, F7 (Line Drive, 7, EV 96.3 MPH)
|
Batting: LHB Dan Goldberg
|
0-0: Ground out 4-3 (Groundball, 4S, EV 63.8 MPH) Brian Brewster to second
|
Batting: RHB Jon Herner
|
0-0: Ball 1-0: Ball 2-0: Called Strike 2-1: Called Strike 2-2: Fly out, F7 (Flyball, 78D, EV 98.1 MPH)
|
Bottom of the 6th over - 0 runs, 0 hits, 1 error, 1 left on base; Lancaster 6 - Modesto 7 |
TOP OF THE 7TH |
Lancaster JetHawks batting - Pitching for Modesto Nuts : RHP Kyle Cannon
|
Batting: LHB Pappy Sterile
|
0-0: Ball 1-0: Foul Ball, location: 2F 1-1: Ball 2-1: Swinging Strike 2-2: Ball 3-2: Strikes out swinging
|
Batting: LHB Guadalupe Gonzalez
|
0-0: Ball 1-0: DOUBLE (Flyball, 78D, EV 94.4 MPH)
|
Batting: RHB Roger Pelley
|
0-0: Fly out, F8 (Line Drive, 8RM, EV 96.3 MPH)
|
Batting: RHB Yoshitoshi Mori
|
0-0: Ball 1-0: Ball 2-0: Ball 3-0: Base on Balls
|
Batting: SHB Terciero Ortiz
|
0-0: Ball 1-0: Ball 2-0: Ball 3-0: Called Strike 3-1: Called Strike 3-2: Strikes out swinging
|
Top of the 7th over - 0 runs, 1 hit, 0 errors, 2 left on base; Lancaster 6 - Modesto 7 |
BOTTOM OF THE 7TH |
Modesto Nuts batting - Pitching for Lancaster JetHawks : LHP Chase Smith
|
Batting: SHB Rob Haney
|
0-0: Fly out, F9 (Flyball, 9S, EV 86.3 MPH)
|
Batting: RHB Ken Dunphy
|
0-0: Foul Ball, location: 5F 0-1: SINGLE (Groundball, 6MD, EV 94.4 MPH)
|
Batting: LHB Jason Ryan
|
0-0: Called Strike 0-1: Ball 1-1: Swinging Strike 1-2: SINGLE (Groundball, 34D, EV 98.8 MPH) Ken Dunphy to second Runner from 2nd tries for 3rd, SAFE, throw by RF made to third
|
Batting: RHB Dave Dominguez
|
0-0: Called Strike 0-1: Fielders Choice at 2nd, 1-6 (Groundball, 13S, EV 65.6 MPH)
|
Batting: LHB Tyler Twiss
|
0-0: Swinging Strike 0-1: Fly out, F7 (Flyball, 7, EV 93.8 MPH)
|
Bottom of the 7th over - 0 runs, 2 hits, 0 errors, 2 left on base; Lancaster 6 - Modesto 7 |
TOP OF THE 8TH |
Lancaster JetHawks batting - Pitching for Modesto Nuts : RHP Kyle Cannon
|
Pitching: LHP Toby Moore
|
|
Batting: LHB Vecdi Hodensack
|
0-0: Ball 1-0: SINGLE (Flyball, 8RS, EV 87.5 MPH)
|
Pitching: LHP Danny Sebastian
|
|
Batting: RHB Jonathan Rausch
|
0-0: Ball 1-0: Ball 2-0: Swinging Strike 2-1: Fly out, F8 (Flyball, 8LM, EV 86.9 MPH)
|
Batting: LHB Lou Toth
|
0-0: Ball 1-0: SINGLE (Groundball, 6MD, EV 88.1 MPH) (infield hit) Vecdi Hodensack to second
|
Pinch Hitting: RHB Jamie Walker
|
0-0: Foul Ball, location: 2F 0-1: Swinging Strike 0-2: Foul Ball, location: 2F 0-2: Foul Ball, location: 2F 0-2: Strikes out swinging
|
Batting: LHB Pappy Sterile
|
0-0: Ball 1-0: Ball 2-0: Fielders Choice at 2nd, 5-4 (Groundball, 56, EV 90.0 MPH)
|
Top of the 8th over - 0 runs, 2 hits, 0 errors, 2 left on base; Lancaster 6 - Modesto 7 |
BOTTOM OF THE 8TH |
Modesto Nuts batting - Pitching for Lancaster JetHawks : LHP Chase Smith
|
Now at 2B: Luca Graves
|
|
Batting: RHB Brian Brewster
|
0-0: Ball 1-0: Foul Ball, location: 2F 1-1: Swinging Strike 1-2: Ball 2-2: Foul Ball, location: 7LMFF 2-2: Foul Ball, location: 2F 2-2: Foul Ball, location: 9LDF 2-2: Ball 3-2: Base on Balls
|
Pitching: LHP Shane Robinson
|
|
Pinch Hitting: RHB Ray Insley
|
0-0: Called Strike 0-1: Foul Ball, location: 2F 0-2: Strikes out swinging
|
Batting: LHB Dan Goldberg
|
0-0: Ball 1-0: Called Strike 1-1: Ball 2-1: Swinging Strike 2-2: Strikes out swinging
|
Batting: RHB Jon Herner
|
0-0: Ball 1-0: Foul Ball, location: 25FF 1-1: Called Strike 1-2: Ball 2-2: Strikes out looking
|
Bottom of the 8th over - 0 runs, 0 hits, 0 errors, 1 left on base; Lancaster 6 - Modesto 7 |
TOP OF THE 9TH |
Lancaster JetHawks batting - Pitching for Modesto Nuts : LHP Danny Sebastian
|
Pitching: RHP David Spangler
|
|
Now at 1B: Ray Insley
|
|
Now at 2B: Ben Connelly
|
|
Now at 3B: Kevin Tangeman
|
|
Now in RF: Brian Brewster
|
|
Batting: LHB Guadalupe Gonzalez
|
0-0: Fly out, F7 (Flyball, 7, EV 83.8 MPH)
|
Batting: RHB Roger Pelley
|
0-0: Ball 1-0: Ground out 6-3 (Groundball, 56S, EV 86.9 MPH)
|
Batting: RHB Yoshitoshi Mori
|
0-0: Ball 1-0: DOUBLE (Flyball, 8RXD, EV 109.4 MPH)
|
Batting: SHB Terciero Ortiz
|
0-0: Called Strike 0-1: SINGLE (Groundball, 4S, EV 73.1 MPH) (infield hit) Yoshitoshi Mori to third
|
Batting: LHB Vecdi Hodensack
|
0-0: Ball 1-0: Ball 2-0: Swinging Strike 2-1: Foul Ball, location: 25FF 2-2: Fly out, F8 (Flyball, 78M, EV 100.0 MPH)
|
Top of the 9th over - 0 runs, 2 hits, 0 errors, 2 left on base; Lancaster 6 - Modesto 7 |
|